Map: Moonlight Madness LE (Void)

Players

PengWin - Winner!

  • Race: Zerg Zerg
  • League: Master

ItsSonic

  • Race: Protoss Protoss
  • League: Master

Event: Lycan League Weekly July #1

VOD

Have the link to the VOD?

Description

Time

  • Played on: July 20, 2015, 12:43 p.m.
  • Length: 10:37

All games in this series

Show
View Real Time Build Order
Export as new Build Order

PengWin Zerg - Winner!

Build Orders: Hatch First 

Get SALT Encoding   

  12  0:01  Drone  
  13  0:12  Drone  
  14  0:14  Extractor  
  14  0:15  Drone  
  15  0:37  Hatchery  
  14  0:44  Drone, Extractor  
  15  0:58  Spawning Pool  
  15  1:02  Extractor  
  15  1:03  Drone, Extractor  
  13  1:08  Drone  
  16  1:13  Overlord  
  16  1:37  Drone x3  
  19  1:45  Queen  
  21  1:48  Zergling x2  
  21  1:50  Queen  
  21  1:52  Drone  
  25  1:58  Overlord  
  25  2:01  Drone  
  26  2:09  Drone  
  26  2:11  Drone  
  28  2:21  Drone, Queen  
  28  2:22  Drone  
  32  2:25  Queen  
  34  2:33  Zergling x4  
  36  2:39  Extractor  
  34  2:52  Zergling x4  
  34  3:22  Drone x2, Overlord x2  
  36  3:32  Hatchery  
  35  3:43  Drone x7  
  42  3:48  Extractor  
  41  4:07  Drone x9  
  50  4:12  Metabolic Boost  
  50  4:17  Zergling x4  
  52  4:19  Overlord  
  52  4:24  Overlord  
  52  4:41  Lair  
  52  4:43  Drone x2  
  52  4:44  Drone x2, Extractor x2  
  52  4:45  Drone x4  
  58  4:48  Queen  
  60  5:00  Zergling x14  
  67  5:34  Drone x2  
  67  5:35  Drone x4  
  73  5:37  Drone, Extractor  
  73  5:38  Drone, Overlord x2  
  73  5:39  Extractor  
  73  5:41  Overseer  
  73  5:56  Drone x5  
  73  5:57  Drone x5  
  83  6:09  Overlord x2  
  83  6:17  Spire  
  82  6:27  Spine Crawler  
  82  6:28  Spine Crawler  
  82  6:29  Spine Crawler  
  82  6:30  Spine Crawler x2  
  82  6:31  Spine Crawler  
  82  6:32  Spine Crawler x2  
  72  6:33  Spine Crawler  
  72  6:35  Spine Crawler  
  68  6:42  Zergling x26  
  69  7:39  Mutalisk x16  
  100  7:49  Mutalisk x2  
  102  8:12  Overlord  
  102  8:13  Overlord x4  
  80  8:36  Mutalisk  
  80  8:37  Mutalisk x8  
  98  8:53  Zergling x6  
  101  9:09  Zergling x2  
  98  9:10  Zergling x2  
  97  9:27  Mutalisk x4  
  97  9:28  Mutalisk  
  107  9:44  Zergling x6  
  107  9:45  Zergling x6  
  113  9:53  Mutalisk x2  
  103  10:35  Hatchery  
Show
View Real Time Build Order
Export as new Build Order

ItsSonic Protoss 

Build Orders:  

Get SALT Encoding   

  12  0:01  Probe  
  13  0:16  Pylon  
  13  0:19  Probe  
  14  0:34  Probe (Chrono Boost)  
  15  0:35  Gateway  
  15  0:45  Assimilator  
  15  0:46  Probe (Chrono Boost)  
  16  0:54  Probe (Chrono Boost)  
  17  1:01  Gateway  
  17  1:03  Probe  
  18  1:16  Probe  
  19  1:23  Cybernetics Core  
  19  1:28  Probe  
  20  1:35  Pylon  
  20  1:40  Probe  
  21  1:52  Probe  
  22  1:59  Adept x2 (Chrono Boost)  
  26  2:03  Warp Gate  
  26  2:04  Probe  
  27  2:14  Pylon  
  27  2:16  Probe  
  28  2:24  Adept (Chrono Boost)  
  32  2:39  Adept (Chrono Boost)  
  33  2:44  Probe  
  33  2:56  Probe  
  34  3:04  Nexus  
  34  3:08  Probe, Robotics Facility  
  35  3:18  Pylon  
  35  3:20  Probe  
  36  3:27  Assimilator  
  36  3:32  Probe, Pylon  
  37  3:40  Stalker x2  
  41  3:45  Probe  
  42  3:55  Warp Prism (Chrono Boost)  
  42  3:57  Probe  
  46  4:12  Probe (Chrono Boost)  
  46  4:19  Probe (Chrono Boost)  
  46  4:23  Immortal (Chrono Boost)  
  52  4:27  Probe (Chrono Boost)  
  52  4:29  Probe (Chrono Boost)  
  53  4:33  Probe  
  53  4:37  Probe  
  55  4:40  Pylon  
  55  4:46  Probe  
  56  4:55  Immortal (Chrono Boost), Probe  
  56  4:58  Gateway  
  56  4:59  Gateway  
  61  5:20  Probe  
  62  5:24  Gateway x2  
  62  5:28  Pylon  
  62  5:30  Pylon  
  54  5:38  Warp Prism (Chrono Boost)  
  54  5:40  Adept  
  58  5:49  Gateway  
  58  5:51  Gateway, Adept  
  60  6:00  Adept  
  60  6:01  Adept x2  
  68  6:11  Warp Prism (Chrono Boost)  
  68  6:16  Adept  
  70  6:22  Pylon  
  70  6:23  Adept  
  70  6:24  Adept x2  
  76  6:31  Pylon  
  76  6:40  Adept x3  
  82  6:50  Stalker  
  82  6:51  Adept x2  
  88  6:57  Stalker  
  90  7:11  Adept  
  90  7:12  Adept x4  
  91  7:23  Stalker x2  
  95  7:32  Stalker x2  
  95  7:33  Stalker x3  
  103  7:50  Stalker x2  
  107  8:01  Pylon  
  107  8:03  Pylon  
  107  8:04  Pylon  
  107  8:17  Stalker  
  103  8:20  Stalker x2  
  103  8:21  Stalker x3  
  105  8:28  Stalker  
  95  8:37  Stalker  
  95  8:41  Assimilator  
  97  8:46  Assimilator  
  95  9:04  Stalker  
  95  9:05  Stalker x2  
  99  9:10  Stalker  
  99  9:16  Stalker  
  99  9:17  Stalker  
  99  9:22  Stalker  
  95  9:28  Stalker  
  97  9:35  Stalker x2  
  101  9:43  Stalker  
  103  9:52  Twilight Council  
  103  9:53  Adept  
  103  9:57  Nexus  
  103  9:59  Pylon  
  105  10:02  Pylon  
  105  10:04  Stalker x2  

Tags
 
Add a new tag
Caveats
  • Supply blocks, unpowered buildings, or Contaminate may cause inaccurate times.
  • Supply counts are checked every 10 seconds.